 Dungeon Crawl Stone Soup version 0.21-a0-421-gfc1ce30 (webtiles) character file.

113 Autsider the Skirmisher (level 4, -1/41 HPs)
             Began as a Minotaur Fighter on Nov 4, 2017.
             Slain by anything's ghost (9 damage)
             ... on level 3 of the Dungeon.
             The game lasted 00:10:07 (2438 turns).

Autsider the Skirmisher (Minotaur Fighter)          Turns: 2438, Time: 00:10:08

Health: -1/41      AC:  8    Str: 20    XL:     4   Next: 65%
Magic:  3/3        EV:  7    Int:  5    God:
Gold:   157        SH:  9    Dex: 11    Spells: 3/3 levels left

rFire    . . .     SeeInvis .   a - +0 flail
rCold    . . .     Gourm    .   c - +0 shield
rNeg     . . .     Faith    .   b - +0 scale mail
rPois    .         Spirit   .   (helmet restricted)
rElec    .         Reflect  .   (no cloak)
rCorr    +         Harm     .   s - +0 pair of gloves
MR       .....     Rnd*Tele +   (no boots)
Stlth    ..........             (no amulet)
HPRegen  0.13/turn              g - ring of teleportation (curse)
MPRegen  0.08/turn              q - ring of resist corrosion

@: no status effects
A: retaliatory headbutt, horns 2
a: no special abilities


You were on level 3 of the Dungeon.
You were not hungry.

You visited 1 branch of the dungeon, and saw 3 of its levels.

You collected 157 gold pieces.

Inventory:

Hand Weapons
 a - a +0 flail (weapon)
 i - a +0 spear
Missiles
 n - 29 stones (quivered)
Armour
 b - a +0 scale mail (worn)
 c - a +0 shield (worn)
 s - a +0 pair of gloves (worn)
Jewellery
 g - a cursed ring of teleportation (left hand)
 q - a ring of resist corrosion (right hand)
Scrolls
 h - a scroll of recharging {unknown}
 k - a scroll of fog {unknown}
 l - 2 scrolls of remove curse {unknown}
 o - 3 scrolls of identify {unknown}
Potions
 d - 2 potions of might
 e - a potion of curing {unknown}
 m - a potion of lignification {unknown}
 p - a potion of degeneration {unknown}
 r - a potion of flight {unknown}
Comestibles
 f - 2 bread rations
 j - 2 fruits
 t - 3 chunks of flesh


   Skills:
 + Level 4.5 Fighting
 + Level 4.3 Maces & Flails
 + Level 4.4 Armour
 + Level 0.4 Dodging
 + Level 3.9 Shields


You had 3 spell levels left.
You didn't know any spells.

Dungeon Overview and Level Annotations

Branches:
Dungeon (3/15)

Altars:
Fedhas
Okawaru

Annotations:
D:3 anything's ghost, amateur DgFi


Innate Abilities, Weirdness & Mutations

You reflexively headbutt those who attack you in melee.
You have a pair of horns on your head.


Message History

You headbutt anything's ghost, but do no damage.
Anything's ghost is lightly damaged.
Anything's ghost barely misses you.
Your shield prevents you from hitting anything's ghost.
You headbutt anything's ghost.
Anything's ghost is lightly damaged.
You block anything's ghost's attack. x2
Your shield and scale mail prevent you from hitting anything's ghost.
You headbutt anything's ghost.
Anything's ghost is moderately damaged.
You block anything's ghost's attack.
You hit anything's ghost but do no damage.
Anything's ghost is moderately damaged.
Anything's ghost hits you but does no damage.
You hit anything's ghost but do no damage.
Anything's ghost is moderately damaged.
Anything's ghost hits you!
* * * LOW HITPOINT WARNING * * *
Anything's ghost hits you!
You die...

##...#...................#
#........#...........###.#
#........[.###.##....# #.#
#........#####.......###.##
#...#...#.................
###.....#............#####.
.........#...##.##..<# #.
###.###..W..##...##..# #. #
#.##@##.....##.# #.
#.##.#.......#.## #.
#.##.#..._...#..####.
#.##.#....(..#....##.
#.#####.....##..#.##. #.#
##...###.....#. #.
#######.#..#.#..
................
###.#####..#.#.#


You could see anything's ghost.

Vanquished Creatures
  A worker ant (D:3)
  2 adders (D:2)
  4 worms (D:2)
  2 dart slugs (D:1)
  A leopard gecko (D:1)
  2 orcs (D:3)
  4 giant cockroaches
  5 goblins
  8 hobgoblins
  4 jackals
  6 bats
  4 frilled lizards
  4 kobolds
  4 rats
51 creatures vanquished.

Notes
Turn   | Place    | Note
-------+----------+-------------------------------------------
     0 | D:1      | Autsider the Minotaur Fighter began the quest for the Orb.
     0 | D:1      | Reached XP level 1. HP: 19/19 MP: 0/0
   244 | D:1      | Reached XP level 2. HP: 27/27 MP: 1/1
   932 | D:2      | Found an iron altar of Okawaru.
   936 | D:2      | Reached XP level 3. HP: 28/34 MP: 2/2
  1713 | D:2      | Reached XP level 4. HP: 38/41 MP: 3/3
  2383 | D:3      | Found a blossoming altar of Fedhas.
  2427 | D:3      | Noticed anything's ghost (amateur DgFi)
  2438 | D:3      | Slain by anything's ghost

Vault maps used:
D:1:      dpeg_arrival_oval, st_stairs_2
D:2:      okawaru_metal_pillars_1_2, first_bread, kennysheep_potato
D:3:      lemuel_round_altar, minmay_checkerbox

Skill      XL: |  1  2  3  4 |
---------------+-------------+-----
Fighting       | 4 |  4.5
Armour         | 4 |  4.4
Maces & Flails | 3 4 |  4.3
Dodging        | |  0.4
Shields        | |  3.9

Action                   |  1- 3 |  4- 6 || total
-------------------------+-------+-------++-------
Melee: Flail             |   106 |    61 ||   167
       Headbutt          |    12 |    14 ||    26
  Eat: Chunk             |     1 |     3 ||     4
       Fruit             |     1 |       ||     1
Armor: Scale mail        |    37 |    22 ||    59
Dodge: Dodged            |    18 |     8 ||    26
Block: Shield            |    49 |    31 ||    80

Table legend:
 A = Spawn XP
 B = Non-spawn XP
 C = Spawn XP percentage of total XP
 D = Spawn monster count
 E = Non-spawn monster count
 F = Spawn count percentage of total count
 G = Total turns spent on level
                    A         B        C        D         E        F      G
               +---------+---------+-------+---------+---------+-------+---------
         Total |       0 |     162 |   0.0 |       0 |      51 |   0.0 |  2438
               +---------+---------+-------+---------+---------+-------+---------
           D:1 |       0 |      37 |   0.0 |       0 |      19 |   0.0 |   961
           D:2 |       0 |      80 |   0.0 |       0 |      25 |   0.0 |  1322
           D:3 |       0 |      45 |   0.0 |       0 |       7 |   0.0 |   155
               +---------+---------+-------+---------+---------+-------+---------
